APL (24 & UNDER)
NANTUCKET ORCAS @ DETROIT DIRTY SNOW
09/12/2028
 
TOP OF THE 1ST
Nantucket Orcas batting - Pitching for Detroit Dirty Snow : RHP Javier Moreno
Pitching: RHP Javier Moreno
Batting: RHB Charlie Pérez 0-0: Called Strike
0-1: Swinging Strike
0-2: Ball
1-2: SINGLE (Line Drive, 89S)
Batting: RHB Fernando Álvarez 0-0: Ball
Charlie Pérez steals 2nd base
1-0: Ball
2-0: Fly out, F8 (Flyball, 8RM)
Batting: LHB Eugene Lee 0-0: Swinging Strike
0-1: Ball
1-1: Swinging Strike
1-2: Ball
2-2: Strikes out swinging
Batting: RHB Mike Willis 0-0: Called Strike
0-1: Ball
1-1: Ball
2-1: Swinging Strike
2-2: Ball
3-2: DOUBLE (Flyball, 8LM)
Charlie Pérez scores
Batting: LHB Juan Lima 0-0: Foul Ball, location: 2F
0-1: SINGLE (Groundball, 34D)
Mike Willis to third
Runner from 3rd tries for Home, SAFE, throw made home
Juan Lima to second
Batting: LHB Alfonso Vélez 0-0: Called Strike
0-1: Ball
1-1: Foul Ball, location: 2F
1-2: Ball
2-2: Ground out 1-3 (Groundball, 13)
Top of the 1st over - 2 run(s), 3 hit(s), 0 error(s), 1 left on base; Nantucket 2 - Detroit 0
BOTTOM OF THE 1ST
Detroit Dirty Snow batting - Pitching for Nantucket Orcas : LHP Stanley Wise
Pitching: LHP Stanley Wise
Batting: SHB Cristián López 0-0: SINGLE (Line Drive, 6M)
Batting: RHB Cristo Souza 0-0: Swinging Strike
0-1: Ball
1-1: Swinging Strike
1-2: Ball
2-2: Fly out, F9 (Flyball, 9)
Batting: LHB Félix Costa 0-0: Foul Ball, location: 2F
0-1: Swinging Strike
0-2: Ball
1-2: Ball
2-2: Strikes out looking
Batting: LHB Luis Salazar 0-0: Called Strike
0-1: Fly out, F7 (Flyball, 7LS)
Bottom of the 1st over - 0 run(s), 1 hit(s), 0 error(s), 1 left on base; Nantucket 2 - Detroit 0
TOP OF THE 2ND
Nantucket Orcas batting - Pitching for Detroit Dirty Snow : RHP Javier Moreno
Batting: SHB Júlio Ayala 0-0: Foul Ball, location: 2F
0-1: Fly out, F4 (Popup, 3D)
Batting: RHB Scotty Hicks 0-0: Ball
1-0: Foul Ball, location: 2F
1-1: Swinging Strike
1-2: Ball
2-2: Ball
3-2: Strikes out swinging, 2-3 out at first.
Batting: RHB Luis Cruz 0-0: Swinging Strike
0-1: Ball
1-1: Called Strike
1-2: Strikes out swinging
Top of the 2nd over - 0 run(s), 0 hit(s), 0 error(s), 0 left on base; Nantucket 2 - Detroit 0
BOTTOM OF THE 2ND
Detroit Dirty Snow batting - Pitching for Nantucket Orcas : LHP Stanley Wise
Batting: RHB Gary Wyatt 0-0: Ball
1-0: Foul Ball, location: 2F
1-1: Foul Ball, location: 2F
1-2: Ball
2-2: Ball
3-2: Base on Balls
Batting: RHB Charlie O'Farrell 0-0: Swinging Strike
0-1: Grounds into double play, 5-4-3 (Groundball, 56)
Batting: SHB Víctor Torres 0-0: Ball
1-0: Ground out 5-3 (Groundball, 56S)
Bottom of the 2nd over - 0 run(s), 0 hit(s), 0 error(s), 0 left on base; Nantucket 2 - Detroit 0
TOP OF THE 3RD
Nantucket Orcas batting - Pitching for Detroit Dirty Snow : RHP Javier Moreno
Batting: RHB Charlie Pérez 0-0: Ball
1-0: SINGLE (Groundball, 56D)
Batting: RHB Fernando Álvarez 0-0: Ball
1-0: Ball
2-0: Swinging Strike
2-1: Ball
3-1: SINGLE (Groundball, 34D)
Charlie Pérez to second
Runner from 2nd tries for 3rd, SAFE, throw made to third
Batting: LHB Eugene Lee 0-0: Foul Ball, location: 2F
0-1: Foul Ball, location: 2F
0-2: Ball
1-2: Foul Ball, location: 2F
1-2: Foul Ball, location: 2F
1-2: Ball
2-2: Strikes out swinging
Batting: RHB Mike Willis 0-0: Ball
1-0: DOUBLE (Flyball, 89D)
Charlie Pérez scores
Fernando Álvarez to third
Batting: LHB Juan Lima 0-0: Ball
1-0: Called Strike
1-1: Ball
2-1: Ball
3-1: Foul Ball, location: 2F
3-2: Base on Balls
Batting: LHB Alfonso Vélez 0-0: Ball
1-0: Foul Ball, location: 2F
1-1: SINGLE (Groundball, 56D)
Fernando Álvarez scores
Mike Willis to third
Juan Lima to second
Batting: SHB Júlio Ayala 0-0: Ball
1-0: Called Strike
1-1: Swinging Strike
1-2: Strikes out swinging
Batting: RHB Scotty Hicks 0-0: Swinging Strike
0-1: Called Strike
0-2: Strikes out swinging
Top of the 3rd over - 2 run(s), 4 hit(s), 0 error(s), 3 left on base; Nantucket 4 - Detroit 0
BOTTOM OF THE 3RD
Detroit Dirty Snow batting - Pitching for Nantucket Orcas : LHP Stanley Wise
Batting: SHB Alan Garland 0-0: Ball
1-0: Ground out 6-3 (Groundball, 6)
Batting: RHB Manuel Flores 0-0: Called Strike
0-1: Ball
1-1: Ball
2-1: Fly out, F9 (Flyball, 9S)
Batting: SHB Cristián López 0-0: Ground out 4-3 (Groundball, 4)
Bottom of the 3rd over - 0 run(s), 0 hit(s), 0 error(s), 0 left on base; Nantucket 4 - Detroit 0
TOP OF THE 4TH
Nantucket Orcas batting - Pitching for Detroit Dirty Snow : RHP Javier Moreno
Batting: RHB Luis Cruz 0-0: Ball
1-0: Ball
2-0: Called Strike
2-1: Swinging Strike
2-2: Strikes out swinging
Batting: RHB Charlie Pérez 0-0: Ball
1-0: Ball
2-0: Foul Ball, location: 2F
2-1: Fly out, F8 (Flyball, 8LM)
Batting: RHB Fernando Álvarez 0-0: Called Strike
0-1: Ground out 6-3 (Groundball, 56)
Top of the 4th over - 0 run(s), 0 hit(s), 0 error(s), 0 left on base; Nantucket 4 - Detroit 0
BOTTOM OF THE 4TH
Detroit Dirty Snow batting - Pitching for Nantucket Orcas : LHP Stanley Wise
Batting: RHB Cristo Souza 0-0: Called Strike
0-1: Ball
1-1: Foul Ball, location: 2F
1-2: Ball
2-2: Fly out, F9 (Flyball, 9LS)
Batting: LHB Félix Costa 0-0: Foul Ball, location: 2F
0-1: Swinging Strike
0-2: Ball
1-2: Ball
2-2: Foul Ball, location: 2F
2-2: Foul Ball, location: 2F
2-2: Strikes out swinging
Batting: LHB Luis Salazar 0-0: Called Strike
0-1: Fly out, F9 (Flyball, 9LS)
Bottom of the 4th over - 0 run(s), 0 hit(s), 0 error(s), 0 left on base; Nantucket 4 - Detroit 0
TOP OF THE 5TH
Nantucket Orcas batting - Pitching for Detroit Dirty Snow : RHP Javier Moreno
Batting: LHB Eugene Lee 0-0: Fly out, F8 (Flyball, 8RS)
Batting: RHB Mike Willis 0-0: Ball
1-0: Swinging Strike
1-1: Ball
2-1: Ball
3-1: Ground out 4-3 (Groundball, 4M)
Batting: LHB Juan Lima 0-0: Ball
1-0: Ground out 3-1 (Groundball, 34)
Top of the 5th over - 0 run(s), 0 hit(s), 0 error(s), 0 left on base; Nantucket 4 - Detroit 0
BOTTOM OF THE 5TH
Detroit Dirty Snow batting - Pitching for Nantucket Orcas : LHP Stanley Wise
Batting: RHB Gary Wyatt 0-0: Ball
1-0: Called Strike
1-1: Ball
2-1: Ground out U3 (Groundball, 34)
Batting: RHB Charlie O'Farrell 0-0: Swinging Strike
0-1: Ball
1-1: Ball
2-1: Ball
3-1: Called Strike
3-2: Fly out, F7 (Flyball, 7D)
Batting: SHB Víctor Torres 0-0: Ball
1-0: Ball
2-0: Ground out 5-3 (Groundball, 5S)
Bottom of the 5th over - 0 run(s), 0 hit(s), 0 error(s), 0 left on base; Nantucket 4 - Detroit 0
TOP OF THE 6TH
Nantucket Orcas batting - Pitching for Detroit Dirty Snow : RHP Javier Moreno
Pitching: LHP Jorge Luna
Batting: LHB Alfonso Vélez 0-0: Ball
1-0: Called Strike
1-1: Swinging Strike
1-2: Ball
2-2: Foul Ball, location: 2F
2-2: Strikes out swinging
Batting: SHB Júlio Ayala 0-0: Ball
1-0: Ball
2-0: Fly out, F4 (Popup, 34D)
Batting: RHB Scotty Hicks 0-0: Ground out 4-3 (Groundball, 4)
Top of the 6th over - 0 run(s), 0 hit(s), 0 error(s), 0 left on base; Nantucket 4 - Detroit 0
BOTTOM OF THE 6TH
Detroit Dirty Snow batting - Pitching for Nantucket Orcas : LHP Stanley Wise
Batting: SHB Alan Garland 0-0: Called Strike
0-1: Ball
1-1: Ball
2-1: Ground out 4-3 (Groundball, 4)
Batting: RHB Manuel Flores 0-0: Called Strike
0-1: Swinging Strike
0-2: Ball
1-2: Ball
2-2: Ground out 5-3 (Groundball, 5)
Batting: SHB Cristián López 0-0: Ball
1-0: Foul Ball, location: 2F
1-1: Ball
2-1: Fly out, F8 (Flyball, 8LM)
Bottom of the 6th over - 0 run(s), 0 hit(s), 0 error(s), 0 left on base; Nantucket 4 - Detroit 0
TOP OF THE 7TH
Nantucket Orcas batting - Pitching for Detroit Dirty Snow : LHP Jorge Luna
Batting: RHB Luis Cruz 0-0: Ball
1-0: Ball
2-0: Called Strike
2-1: Called Strike
2-2: Strikes out swinging
Batting: RHB Charlie Pérez 0-0: Called Strike
0-1: Ground out 6-3 (Groundball, 6)
Batting: RHB Fernando Álvarez 0-0: Ball
1-0: Ball
2-0: Ball
3-0: Swinging Strike
3-1: Foul Ball, location: 2F
3-2: Strikes out swinging
Top of the 7th over - 0 run(s), 0 hit(s), 0 error(s), 0 left on base; Nantucket 4 - Detroit 0
BOTTOM OF THE 7TH
Detroit Dirty Snow batting - Pitching for Nantucket Orcas : LHP Stanley Wise
Batting: RHB Cristo Souza 0-0: Fly out, F8 (Flyball, 8RS)
Batting: LHB Félix Costa 0-0: Foul Ball, location: 2F
0-1: Ball
1-1: Fly out, F7 (Flyball, 7LS)
Batting: LHB Luis Salazar 0-0: Called Strike
0-1: Ground out 4-3 (Groundball, 4)
Bottom of the 7th over - 0 run(s), 0 hit(s), 0 error(s), 0 left on base; Nantucket 4 - Detroit 0
TOP OF THE 8TH
Nantucket Orcas batting - Pitching for Detroit Dirty Snow : LHP Jorge Luna
Batting: LHB Eugene Lee 0-0: Called Strike
0-1: Ground out 4-3 (Groundball, 4)
Batting: RHB Mike Willis 0-0: Called Strike
0-1: Fly out, F9 (Flyball, 9S)
Batting: LHB Juan Lima 0-0: Called Strike
0-1: Foul Ball, location: 2F
0-2: Ball
1-2: Ball
2-2: DOUBLE (Line Drive, 9D)
Batting: LHB Alfonso Vélez 0-0: Called Strike
0-1: Foul Ball, location: 2F
0-2: Strikes out swinging
Top of the 8th over - 0 run(s), 1 hit(s), 0 error(s), 1 left on base; Nantucket 4 - Detroit 0
BOTTOM OF THE 8TH
Detroit Dirty Snow batting - Pitching for Nantucket Orcas : LHP Stanley Wise
Pitching: RHP Joe Griffin
Batting: RHB Gary Wyatt 0-0: Ball
1-0: Fly out, F9 (Flyball, 89S)
Batting: RHB Charlie O'Farrell 0-0: Foul Ball, location: 2F
0-1: Ball
1-1: Swinging Strike
1-2: Strikes out looking
Batting: SHB Víctor Torres 0-0: Ball
1-0: Swinging Strike
1-1: SINGLE (Groundball, 4MD)
Batting: SHB Alan Garland 0-0: Ball
1-0: Fly out, F8 (Flyball, 8LM)
Bottom of the 8th over - 0 run(s), 1 hit(s), 0 error(s), 1 left on base; Nantucket 4 - Detroit 0
TOP OF THE 9TH
Nantucket Orcas batting - Pitching for Detroit Dirty Snow : LHP Jorge Luna
Batting: SHB Júlio Ayala 0-0: Called Strike
0-1: Ball
1-1: Fly out, F8 (Flyball, 8LD)
Batting: RHB Scotty Hicks 0-0: Foul Ball, location: 2F
0-1: Ball
1-1: Foul Ball, location: 2F
1-2: Ball
2-2: Strikes out swinging
Batting: RHB Luis Cruz 0-0: Ball
1-0: Ground out 6-3 (Groundball, 6)
Top of the 9th over - 0 run(s), 0 hit(s), 0 error(s), 0 left on base; Nantucket 4 - Detroit 0
BOTTOM OF THE 9TH
Detroit Dirty Snow batting - Pitching for Nantucket Orcas : RHP Joe Griffin
Batting: RHB Manuel Flores 0-0: Called Strike
0-1: Ball
1-1: Ball
2-1: Ball
3-1: Base on Balls
Batting: SHB Cristián López 0-0: SINGLE (Line Drive, 8LS)
Manuel Flores to second
Pitching: RHP Mathew Wilcox
Batting: RHB Cristo Souza 0-0: Ball
1-0: Foul Ball, location: 2F
1-1: Ball
2-1: Fly out, F9 (Flyball, 9)
Runner from 2nd tags up, OUT at 3rd
Batting: LHB Félix Costa 0-0: Foul Ball, location: 2F
0-1: Called Strike
0-2: Fielders Choice at 2nd, 4-6 (Groundball, 4)
Bottom of the 9th over - 0 run(s), 1 hit(s), 0 error(s), 0 left on base; Nantucket 4 - Detroit 0
Tuesday, August 8th, 2017 - OOTP Baseball 17.12 Build 75